 Dungeon Sprint DCSS version 0.27-a0-93-g19769c27d7 (webtiles) character file.

Game seed: 8870920778750827672

1864 rocky1 the Thrower (level 9, 0/85 (89) HPs)
             Began as an Ogre Hunter on Jan 17, 2021.
             Was a Priest of Okawaru.
             Slain by a bat simulacrum (1 damage)
             ... in the Dungeon (Sprint VII: "The Pits").
             The game lasted 00:07:21 (1759 turns).

rocky1 the Thrower (Ogre Hunter)                    Turns: 1759, Time: 00:07:22

HP:   0/85 (89)     AC:  3    Str: 20    XL:     9   Next: 13%
MP:   14/14         EV:  7    Int: 18    God:    Okawaru [***...]
Gold: 0             SH:  0    Dex: 10    Spells: 8/8 levels left

rFire    . . .     SeeInvis .   u - +2 dire flail (protect)
rCold    . . .     Faith    .   (shield currently unavailable)
rNeg     . . .     Spirit   .   b - +0 robe
rPois    .         Reflect  .   (helmet restricted)
rElec    .         Harm     .   (no cloak)
rCorr    .         Rampage  .   (gloves unavailable)
Will     .....     NoTele   +   (boots unavailable)
Stlth    +.........             (no amulet)
HPRegen  0.24/turn              p - +3 ring of intelligence
MPRegen  0.14/turn              o - +3 ring of intelligence

@: mighty, held, lightly drained
A: large, unfitting armour, tough skin 1
a: Renounce Religion, Heroism


You were in the Dungeon.
You worshipped Okawaru.
Okawaru was most pleased with you.
You visited 1 branch

Inventory:

Hand Weapons
 u - a +2 dire flail of protection (weapon)
Missiles
 c - 5 large rocks (quivered)
 d - 2 throwing nets
Armour
 b - a +0 robe (worn)
Jewellery
 o - a +3 ring of intelligence (right hand)
 p - a +3 ring of intelligence (left hand)
Scrolls
 j - a scroll of blinking
 l - 3 scrolls of remove curse
 m - 5 scrolls of amnesia
 n - a scroll of summoning
Potions
 e - 6 potions of curing
 f - 6 potions of heal wounds
 g - 2 potions of haste
 h - 4 potions of magic
 i - 2 potions of berserk rage
 k - 2 potions of invisibility
 q - 2 potions of might
 r - a potion of brilliance
 s - 2 potions of resistance
 t - a potion of mutation


   Skills:
 + Level 6.1 Fighting
 + Level 8.9 Maces & Flails
 + Level 10.7 Throwing
 + Level 5.7 Armour
 + Level 9.3 Dodging
 - Level 0.6 Stealth
 - Level 7.3 Invocations


You had 8 spell levels left.
You didn't know any spells.
Your spell library was empty.

Dungeon Overview and Level Annotations

Branches:
Dungeon (1/1)

Altars:
Ashenzari
Cheibriados
Dithmenos
Elyvilon
Fedhas
Gozag
Hepliaklqana
Kikubaaqudgha
Makhleb
Nemelex Xobeh
Okawaru
Qazlal
Ru
Sif Muna
Trog
Uskayaw
Vehumet
Wu Jian
Xom
Yredelemnul
Zin
The Shining One
Beogh
Jiyva
Lugonu


Innate Abilities, Weirdness & Mutations

You are too large for most types of armour.
You have tough skin. (AC +1)


Message History

The bat simulacrum closely misses you.
The merfolk hits you from afar with a +0 trident!!
The bat simulacrum barely misses you. The orc sorcerer casts a spell at you.
The bolt of negative energy hits you!!
You feel drained. The smoke demon hits you.
* * * LOW HITPOINT WARNING * * *
The smoke demon hits you but does no damage.
The smoke demon barely misses you.
You struggle against the net.
The bat simulacrum hits you.
* * * LOW HITPOINT WARNING * * *
The bat simulacrum freezes you.
* * * LOW HITPOINT WARNING * * *
The bat simulacrum barely misses you.
The merfolk hits you from afar with a +0 trident!!
* * * LOW HITPOINT WARNING * * *
The orc sorcerer hits you with a +0 dagger.
* * * LOW HITPOINT WARNING * * *
The bat simulacrum hits you.
You die...

...##.......##......#
'####.......##......#
...##...<...###÷÷..##
...##.......# ##''##
...##.......###..÷.##
#####.......##......#
#..###########......+
#.############..3...#
#.#....#..[[###.@..##
#÷#.)..#..[[# ##Zo##
#))....'..))# m...#
#'#....#..))# ......#
'.#....#..))##......#
#####################


You could see a merfolk, a smoke demon (summoned), an orc sorcerer and a bat
simulacrum.

Vanquished Creatures
  A rime drake (D)
  5 dream sheep (D)
  A basilisk (D)
  A floating eye (D)
  Purgy (D)
  An eye of draining (D)
  A bullfrog (D)
  A gnoll shaman (D)
  A hound (D)
  A jelly (D)
  An orc priest (D)
  An iron imp (D)
  3 orc wizards (D)
  A worker ant (D)
  4 gnolls (D)
  2 worms (D)
  2 leopard geckos (D)
  An orc (D)
  A giant cockroach (D)
  2 goblins (D)
  3 jackals (D)
  A bat (D)
  A frilled lizard (D)
  2 rats (D)
39 creatures vanquished.

Notes
Turn   | Place    | Note
-------+----------+-------------------------------------------
     0 | D        | rocky1 the Ogre Hunter began the quest for the Orb.
     0 | D        | Reached XP level 1. HP: 22/22 MP: 1/1
    15 | D        | Reached skill level 1 in Armour
    15 | D        | Reached XP level 2. HP: 29/32 MP: 2/2
    30 | D        | Found a bloodstained altar of Trog.
    30 | D        | Found a shimmering blue altar of Sif Muna.
    30 | D        | Found a viscous altar of Jiyva.
    30 | D        | Found a hazy altar of Hepliaklqana.
    30 | D        | Found an opulent altar of Gozag.
    31 | D        | Found a glowing golden altar of the Shining One.
    31 | D        | Found a glowing silver altar of Zin.
    31 | D        | Found a basalt altar of Yredelemnul.
    31 | D        | Found a shimmering altar of Xom.
    31 | D        | Found an ornate altar of the Wu Jian Council.
    31 | D        | Found a sacrificial altar of Ru.
    31 | D        | Found a stormy altar of Qazlal.
    31 | D        | Found an iron altar of Okawaru.
    31 | D        | Found a sparkling altar of Nemelex Xobeh.
    31 | D        | Found a burning altar of Makhleb.
    31 | D        | Found a blossoming altar of Fedhas.
    31 | D        | Found a white marble altar of Elyvilon.
    31 | D        | Found a shadowy altar of Dithmenos.
    31 | D        | Found a snail-covered altar of Cheibriados.
    33 | D        | Found a radiant altar of Vehumet.
    33 | D        | Found a corrupted altar of Lugonu.
    33 | D        | Found a roughly hewn altar of Beogh.
    34 | D        | Found a hide-covered altar of Uskayaw.
    34 | D        | Found an ancient bone altar of Kikubaaqudgha.
    34 | D        | Found a broken altar of Ashenzari.
    39 | D        | Became a worshipper of Warmaster Okawaru
    78 | D        | Noticed a floating eye
    81 | D        | Killed a floating eye
    82 | D        | Reached skill level 5 in Throwing
    82 | D        | Reached XP level 3. HP: 44/44 MP: 2/4
    82 | D        | Reached XP level 4. HP: 52/52 MP: 2/5
   131 | D        | Noticed Purgy
   155 | D        | Killed Purgy
   155 | D        | Reached * piety under Okawaru
   156 | D        | Reached skill level 6 in Throwing
   156 | D        | Reached skill level 5 in Dodging
   156 | D        | Reached XP level 5. HP: 47/59 MP: 5/7
   381 | D        | Reached skill level 7 in Throwing
   381 | D        | Reached XP level 6. HP: 46/67 MP: 8/8
   406 | D        | Reached skill level 5 in Maces & Flails
   822 | D        | Reached skill level 8 in Throwing
   826 | D        | Noticed a basilisk
   829 | D        | Killed a basilisk
   829 | D        | Reached ** piety under Okawaru
   830 | D        | Reached skill level 5 in Invocations
   830 | D        | Reached XP level 7. HP: 72/75 MP: 10/10
   985 | D        | Noticed a rime drake
   990 | D        | Killed a rime drake
   991 | D        | Reached skill level 9 in Throwing
   993 | D        | Reached XP level 8. HP: 55/83 MP: 10/12
  1373 | D        | Noticed a dream sheep
  1373 | D        | Noticed a dream sheep
  1373 | D        | Noticed a dream sheep
  1373 | D        | Noticed a dream sheep
  1373 | D        | Noticed a dream sheep
  1382 | D        | Killed a dream sheep
  1383 | D        | Reached skill level 5 in Armour
  1393 | D        | Killed a dream sheep
  1393 | D        | Reached *** piety under Okawaru
  1394 | D        | Reached skill level 10 in Throwing
  1397 | D        | Killed a dream sheep
  1399 | D        | Killed a dream sheep
  1400 | D        | Reached XP level 9. HP: 10/89 MP: 12/14
  1754 | D        | Noticed an orc sorcerer
  1754 | D        | Noticed a merfolk
  1757 | D        | Noticed a smoke demon
  1759 | D        | HP: 3/85 [merfolk/+0 trident (21)]
  1759 | D        | HP: 1/85 [orc sorcerer/+0 dagger (2)]
  1759 | D        | Slain by a bat simulacrum

Illustrated notes

Levels and vault maps discovered:
D:        pitsprint [storerooms_1, entrance_room_1, metal_vault_2, armoury_1,
          mini_pit_1, grid_room_1, main_hall_1, silver_pit, the_coven_1,
          the_vestibule_1, steel_vault_4, golden_pit, hallway_of_sentries,
          crystal_vault_6, iron_vault_5, final_vault]

Skill      XL: |  1  2  3  4  5  6  7  8 |
---------------+-------------------------+-----
Fighting       | 3 6 |  6.1
Armour         | 1 2 3 4 5 |  5.7
Dodging        | 2 4 5 7 9 |  9.3
Maces & Flails | 3 4 6 7 8 |  8.9
Throwing       | 5 6 7 8 9 10 | 10.7
Invocations    | 2 3 5 6 7 |  7.3
Stealth        | |  0.6

Action                   |  1- 3 |  4- 6 |  7- 9 || total
-------------------------+-------+-------+-------++-------
Melee: Mace              |     3 |   104 |    32 ||   139
       Dire flail        |       |       |    23 ||    23
Throw: Large rock        |     3 |     3 |     7 ||    13
Invok: Heroism           |       |       |     1 ||     1
  Use: Potion            |       |     3 |     1 ||     4
 Stab: Sleeping          |       |     1 |       ||     1
Armor: Robe              |       |    29 |    25 ||    54
Dodge: Dodged            |     2 |    45 |    54 ||   101

Table legend: (Time is in decaauts)
 A = Elapsed time spent in this place.
 B = Non-inter-level travel time spent in this place.
 C = Inter-level travel time spent in this place.
 D = Time resting spent in this place.
 E = Time spent auto-exploring this place.
 F = Levels seen in this place.
 G = Mean time per level.
                   A        B        C        D        E       F      G
               +--------+--------+--------+--------+--------+-----+--------+
         Total |   1792 |   1792 |      0 |   1203 |      0 |   1 | 1792.0 |
       Dungeon |   1792 |   1792 |      0 |   1203 |      0 |   1 | 1792.0 |
               +--------+--------+--------+--------+--------+-----+--------+

Top non-repeatable levels by time:
       D: 1792 daAuts
